 Dungeon Crawl Stone Soup version 0.31.0-11-ge490571c62 (webtiles) character file.

Game seed: 2229908081785636161

7 mopl the Ruffian (level 2, 0/18 HPs)
             Began as an Octopode Shapeshifter on Jan 28, 2024.
             Slain by a kobold
             ... wielding a +0 short sword
              (1 damage)
             ... on level 1 of the Dungeon.
             The game lasted 00:00:23 (122 turns).

mopl the Ruffian (Octopode Shapeshifter)             Turns: 122, Time: 00:00:24

Health: 0/18       AC:  1    Str: 13    XL:     2   Next: 0%
Magic:  2/2        EV: 13    Int: 12    God:
Gold:   0          SH:  0    Dex: 11    Spells: 1/1 levels left

rFire   . .          .
                       - Unarmed
rCold   . . .        (no shield)
rNeg    . . .        (helmet currently unavailable)
rPois   .            (no amulet)
rElec   .            (no ring)
rCorr   .            (no ring)
SInv    .            (no ring)
Will    .....        (no ring)
Stlth   ++           (no ring)
HPRegen 0.23/turn    (no ring)
MPRegen 0.08/turn    (no ring)
                     (no ring)

%: no passive effects
@: beast-form
A: beast (slay +1), almost no armour, amphibious, 8 rings, camouflage 1,
gelatinous body 1, (nimble swimmer 1), tentacles
a: Begin Untransformation


You were on level 1 of the Dungeon.
You were a hulking beast.
You visited 1 branch of the dungeon, and saw 1 of its levels.

Inventory:

Talismans
 b - a beast talisman
 c - a flux talisman
Scrolls
 d - a scroll of enchant armour {unknown}
Potions
 a - a potion of lignification


   Skills:
 + Level 1.1 Fighting
 + Level 2.1 Dodging
 * Level 3.1 Unarmed Combat
 * Level 3.1 Shapeshifting


You had one spell level left.
You didn't know any spells.
Your spell library was empty.

Dungeon Overview and Level Annotations

Branches:
Dungeon (1/15)

Altars:


Innate Abilities, Weirdness & Mutations

You are a hulking beast.
Your limbs bulge with bestial killing power. (Slay +1)
You cannot wear most types of armour.
You are amphibious.
You can wear up to eight rings at the same time.
Your skin changes colour to match your surroundings (Stealth+).
Your rubbery body absorbs attacks. (AC +1, EV +1)
((You are camouflaged when in or above water. (Stealth+)))
You have tentacles for arms and can constrict up to eight enemies at once.


Message History

Found a stone staircase leading down.
The kobold shouts!
The goblin shouts!
The jackal barks!
The frilled lizard hisses angrily.
Found 4 poisoned darts.
The jackal bites you.
The rat squeaks loudly.
The jackal misses you. The jackal bites you.
You tentacle-slap the jackal. Your grab misses the jackal.
You squeeze the jackal, but do no damage.
The jackal is almost dead.
The jackal bites you. x2
You are too injured to fight recklessly!
You are too injured to fight recklessly!
You are too injured to fight recklessly!
You tentacle-slap the jackal but do no damage.
You grab the jackal. You squeeze the jackal.
You kill the jackal!
The kobold barely misses you.
You have reached level 2!
You closely miss the kobold. Your grab misses the kobold.
The kobold closely misses you. The goblin completely misses you.
Unknown command.
You barely miss the goblin. You grab the goblin.
Your squeeze misses the goblin.
You constrict the goblin, but do no damage.
The kobold hits you with a +0 short sword.
* * * LOW HITPOINT WARNING * * *
The goblin hits you with a +0 club.
* * * LOW HITPOINT WARNING * * *
You tentacle-slap the kobold but do no damage.
Your grab misses the kobold. You constrict the goblin.
The kobold hits you with a +0 short sword.
* * * LOW HITPOINT WARNING * * *
The goblin misses you.
Unknown command.
You tentacle-slap the kobold. Your grab misses the kobold.
The kobold is severely wounded.
You constrict the goblin.
The kobold hits you with a +0 short sword.
You die...

..# #.## #..##
####### ##..#
### #.....# ##.#
#..# #..$..# #.#
...# #.....#
#.## .#..###
#.....# #..# ..
#...####.....#
#..# #.#
#hg##......##
#h.#...#
##KBl.......####


#hhr?# ###r.#####....# #.B.## ###..## ####.# #...# #..B..# .# #.#..
.............# .# #.#.#. ..............# . #.#.... ...r............ #. #. ..
..............## You could see a giant cockroach, a goblin, a kobold, a frilled
lizard and a rat.

Vanquished Creatures
  A bat (D:1)
  3 jackals (D:1)
  A ball python (D:1)
  A frilled lizard (D:1)
6 creatures vanquished.

Notes
Turn   | Place    | Note
-------+----------+-------------------------------------------
     0 | D:1      | mopl the Octopode Shapeshifter began the quest for the Orb.
     0 | D:1      | Reached XP level 1. HP: 13/13 MP: 1/1
   119 | D:1      | Reached XP level 2. HP: 8/18 MP: 2/2
   122 | D:1      | Slain by a kobold

Illustrated notes

Levels and vault maps discovered:
D:1:      saegor_arrival_simple_e, layout_rooms

Action                     || total
---------------------------++-------
  Melee: Unarmed           ||    16
         Tentacles         ||     4
         Constrict         ||     4
   Stab: Sleeping          ||     1
 Armour: Skin              ||    18
  Dodge: Dodged            ||    10
